TOP OF THE 1ST |
Michigan Wolverines batting - Pitching for Florida Gators : RHP Dave Guzmán
|
Pitching: RHP Dave Guzmán
|
|
Batting: LHB Danny Taylor
|
0-0: Swinging Strike 0-1: Called Strike 0-2: Strikes out swinging
|
Batting: RHB Bryan Koonts
|
0-0: Ball 1-0: Called Strike 1-1: SINGLE (Groundball, 6MD)
|
Batting: RHB Danny Chávez
|
0-0: Ball 1-0: Foul Ball, location: 2F 1-1: Called Strike 1-2: 2-RUN HOME RUN (Flyball, 7LD), Distance : 312 ft
|
Batting: RHB Bill Davis
|
0-0: Fly out, F9 (Flyball, 9M)
|
Batting: RHB Jake Brown
|
0-0: Called Strike 0-1: Ball 1-1: Foul Ball, location: 2F 1-2: Ball 2-2: Ground out 6-3 (Groundball, 6)
|
Top of the 1st over - 2 run(s), 2 hit(s), 0 error(s), 0 left on base; Michigan 2 - Florida 0 |
BOTTOM OF THE 1ST |
Florida Gators batting - Pitching for Michigan Wolverines : LHP Paul Jones
|
Pitching: LHP Paul Jones
|
|
Batting: LHB Bob MacDonald
|
0-0: Ball 1-0: Swinging Strike 1-1: Called Strike 1-2: Fly out, F8 (Flyball, 8RM)
|
Batting: RHB Seth Burgess
|
0-0: Fly out, F9 (Flyball, 9M)
|
Batting: RHB Butch Richardson
|
0-0: Ground out 6-3 (Groundball, 6M)
|
Bottom of the 1st over - 0 run(s), 0 hit(s), 0 error(s), 0 left on base; Michigan 2 - Florida 0 |
TOP OF THE 2ND |
Michigan Wolverines batting - Pitching for Florida Gators : RHP Dave Guzmán
|
Batting: RHB Larry Rice
|
0-0: Ball 1-0: Ball 2-0: Called Strike 2-1: Foul Ball, location: 2F 2-2: Fly out, F8 (Flyball, 8LXD)
|
Batting: SHB Bill Smith
|
0-0: Called Strike 0-1: Swinging Strike 0-2: Ball 1-2: Strikes out swinging
|
Batting: SHB Dan Baldwin
|
0-0: Bunt missed! 0-1: Called Strike 0-2: Foul Ball, location: 2F 0-2: Ball 1-2: Foul Ball, location: 2F 1-2: Ball 2-2: Ground out 5-3 (Groundball, 5)
|
Top of the 2nd over - 0 run(s), 0 hit(s), 0 error(s), 0 left on base; Michigan 2 - Florida 0 |
BOTTOM OF THE 2ND |
Florida Gators batting - Pitching for Michigan Wolverines : LHP Paul Jones
|
Batting: RHB Luis Morales
|
0-0: Called Strike 0-1: Swinging Strike 0-2: Ball 1-2: Ball 2-2: Foul Ball, location: 2F 2-2: Foul Ball, location: 2F 2-2: Fly out, F9 (Flyball, 89M)
|
Batting: LHB Xavier Rivera
|
0-0: Called Strike 0-1: Fly out, F7 (Flyball, 78M)
|
Batting: RHB Manny Gutiérrez
|
0-0: Foul Ball, location: 2F 0-1: Called Strike 0-2: Strikes out swinging
|
Bottom of the 2nd over - 0 run(s), 0 hit(s), 0 error(s), 0 left on base; Michigan 2 - Florida 0 |
TOP OF THE 3RD |
Michigan Wolverines batting - Pitching for Florida Gators : RHP Dave Guzmán
|
Batting: RHB Mel Wells
|
0-0: Ground out 6-3 (Groundball, 6)
|
Batting: LHB Danny Taylor
|
0-0: Called Strike 0-1: Swinging Strike 0-2: Foul Ball, location: 2F 0-2: Ball 1-2: Ground out 4-3 (Groundball, 4)
|
Batting: RHB Bryan Koonts
|
0-0: Swinging Strike 0-1: Ground out 5-3 (Groundball, 5)
|
Top of the 3rd over - 0 run(s), 0 hit(s), 0 error(s), 0 left on base; Michigan 2 - Florida 0 |
BOTTOM OF THE 3RD |
Florida Gators batting - Pitching for Michigan Wolverines : LHP Paul Jones
|
Batting: RHB Shayne Garneau
|
0-0: Fly out, F8 (Flyball, 8RM)
|
Batting: SHB Pedro Rodríguez
|
0-0: SINGLE (Flyball, 7LS)
|
Batting: RHB Marshall Normore
|
0-0: Ball Pedro Rodríguez is caught stealing 2nd base 1-0: Ground out 6-3 (Groundball, 6)
|
Bottom of the 3rd over - 0 run(s), 1 hit(s), 0 error(s), 0 left on base; Michigan 2 - Florida 0 |
TOP OF THE 4TH |
Michigan Wolverines batting - Pitching for Florida Gators : RHP Dave Guzmán
|
Batting: RHB Danny Chávez
|
0-0: Fly out, F9 (Flyball, 89M)
|
Batting: RHB Bill Davis
|
0-0: Swinging Strike 0-1: Foul Ball, location: 2F 0-2: Ball 1-2: Fly out, F9 (Flyball, 9S)
|
Batting: RHB Jake Brown
|
0-0: Called Strike 0-1: Ball 1-1: Ball 2-1: Ball 3-1: Called Strike 3-2: Strikes out swinging
|
Top of the 4th over - 0 run(s), 0 hit(s), 0 error(s), 0 left on base; Michigan 2 - Florida 0 |
BOTTOM OF THE 4TH |
Florida Gators batting - Pitching for Michigan Wolverines : LHP Paul Jones
|
Batting: LHB Bob MacDonald
|
0-0: Called Strike 0-1: Ball 1-1: Ball 2-1: Ball 3-1: Foul Ball, location: 2F 3-2: Base on Balls
|
Batting: RHB Seth Burgess
|
0-0: Called Strike 0-1: Foul Ball, location: 2F 0-2: Ball 1-2: Strikes out swinging
|
Batting: RHB Butch Richardson
|
0-0: Ball 1-0: Ball 2-0: Ball 3-0: Base on Balls Bob MacDonald to second
|
Batting: RHB Luis Morales
|
0-0: Ball 1-0: Ball Passed Ball! Bob MacDonald to third Butch Richardson to second 2-0: Ground out 6-3 (Groundball, 56) Bob MacDonald scores
|
Batting: LHB Xavier Rivera
|
0-0: Called Strike 0-1: Ball 1-1: Swinging Strike 1-2: Foul Ball, location: 2F 1-2: Foul Ball, location: 2F 1-2: Foul Ball, location: 2F 1-2: Ball 2-2: DOUBLE (Line Drive, 9M) Butch Richardson scores
|
Batting: RHB Manny Gutiérrez
|
0-0: Ball 1-0: Called Strike 1-1: Swinging Strike 1-2: Foul Ball, location: 2F 1-2: Fly out, F3 (Popup, 3SF)
|
Bottom of the 4th over - 2 run(s), 1 hit(s), 0 error(s), 1 left on base; Michigan 2 - Florida 2 |
TOP OF THE 5TH |
Michigan Wolverines batting - Pitching for Florida Gators : RHP Dave Guzmán
|
Batting: RHB Larry Rice
|
0-0: Called Strike 0-1: Ball 1-1: Ball 2-1: Called Strike 2-2: Ball 3-2: Strikes out swinging
|
Batting: SHB Bill Smith
|
0-0: Ball 1-0: SINGLE (Flyball, 5D)
|
Batting: SHB Dan Baldwin
|
0-0: Ball Bill Smith steals 2nd base 1-0: Ball 2-0: Called Strike 2-1: Foul Ball, location: 2F 2-2: Foul Ball, location: 2F 2-2: Ground out 5-3 (Groundball, 56)
|
Pitching: RHP John Baker
|
|
Batting: RHB Mel Wells
|
0-0: Called Strike 0-1: Ball 1-1: SINGLE (Line Drive, 4MD) Bill Smith to third Runner from 3rd tries for Home, SAFE, no throw or cutoff
|
Batting: LHB Danny Taylor
|
0-0: Called Strike 0-1: Fly out, F8 (Flyball, 8LM)
|
Top of the 5th over - 1 run(s), 2 hit(s), 0 error(s), 1 left on base; Michigan 3 - Florida 2 |
BOTTOM OF THE 5TH |
Florida Gators batting - Pitching for Michigan Wolverines : LHP Paul Jones
|
Batting: RHB Shayne Garneau
|
0-0: Called Strike 0-1: Ground out 4-3 (Groundball, 34)
|
Batting: SHB Pedro Rodríguez
|
0-0: Ball 1-0: Ball 2-0: Called Strike 2-1: Foul Ball, location: 2F 2-2: Hit by Pitch
|
Batting: RHB Marshall Normore
|
0-0: Ball 1-0: Called Strike 1-1: Ball 2-1: SINGLE (Line Drive, 6D) Pedro Rodríguez to second
|
Batting: LHB Bob MacDonald
|
0-0: Ball 1-0: Ball 2-0: Ball 3-0: Called Strike 3-1: Swinging Strike 3-2: Base on Balls Pedro Rodríguez to third Marshall Normore to second
|
Batting: RHB Seth Burgess
|
0-0: SINGLE (Line Drive, 3) Pedro Rodríguez scores Marshall Normore to third Bob MacDonald to second
|
Batting: RHB Butch Richardson
|
0-0: Ball 1-0: Ball 2-0: GRAND SLAM HOME RUN (Flyball, 8RXD), Distance : 402 ft
|
Batting: RHB Luis Morales
|
0-0: Called Strike 0-1: Fly out, F7 (Popup, 5D)
|
Batting: LHB Xavier Rivera
|
0-0: Ball 1-0: Ball 2-0: Foul Ball, location: 2F 2-1: Called Strike 2-2: Fly out, F7 (Flyball, 7M)
|
Bottom of the 5th over - 5 run(s), 3 hit(s), 0 error(s), 0 left on base; Michigan 3 - Florida 7 |
TOP OF THE 6TH |
Michigan Wolverines batting - Pitching for Florida Gators : RHP John Baker
|
Batting: RHB Bryan Koonts
|
0-0: Called Strike 0-1: Ball 1-1: Swinging Strike 1-2: Ball 2-2: Ball 3-2: Base on Balls
|
Batting: RHB Danny Chávez
|
0-0: Grounds into double play, 6-4-3 (Groundball, 6)
|
Batting: RHB Bill Davis
|
0-0: Called Strike 0-1: Ground out 1-3 (Groundball, 25)
|
Top of the 6th over - 0 run(s), 0 hit(s), 0 error(s), 0 left on base; Michigan 3 - Florida 7 |
BOTTOM OF THE 6TH |
Florida Gators batting - Pitching for Michigan Wolverines : LHP Paul Jones
|
Pitching: RHP Tony Hernández
|
|
Batting: RHB Manny Gutiérrez
|
0-0: Called Strike 0-1: Swinging Strike 0-2: Foul Ball, location: 2F 0-2: Ball 1-2: Strikes out swinging
|
Batting: RHB Shayne Garneau
|
0-0: Called Strike 0-1: Ball 1-1: Ball 2-1: Called Strike 2-2: Fly out, F8 (Line Drive, 8LM)
|
Batting: SHB Pedro Rodríguez
|
0-0: Ball 1-0: Foul Ball, location: 2F 1-1: Called Strike 1-2: Fly out, F7 (Flyball, 7M)
|
Bottom of the 6th over - 0 run(s), 0 hit(s), 0 error(s), 0 left on base; Michigan 3 - Florida 7 |
TOP OF THE 7TH |
Michigan Wolverines batting - Pitching for Florida Gators : RHP John Baker
|
Batting: RHB Jake Brown
|
0-0: Ball 1-0: Foul Ball, location: 2F 1-1: Ball 2-1: Ball 3-1: Foul Ball, location: 2F 3-2: Strikes out swinging
|
Batting: RHB Larry Rice
|
0-0: Ball 1-0: Foul Ball, location: 2F 1-1: Ball 2-1: Ball 3-1: Base on Balls
|
Batting: SHB Bill Smith
|
0-0: Ball 1-0: Called Strike 1-1: Foul Ball, location: 2F 1-2: Fielders Choice at 2nd, 6-4 (Groundball, 6)
|
Batting: SHB Dan Baldwin
|
0-0: Ball Bill Smith steals 2nd base 1-0: Swinging Strike 1-1: Ball 2-1: SINGLE (Line Drive, 8LS) Bill Smith to third Runner from 3rd tries for Home, SAFE, no throw or cutoff
|
Batting: RHB Mel Wells
|
0-0: Ball 1-0: Ball Dan Baldwin steals 2nd base 2-0: Called Strike 2-1: Swinging Strike 2-2: Ball 3-2: Strikes out swinging
|
Top of the 7th over - 1 run(s), 1 hit(s), 0 error(s), 1 left on base; Michigan 4 - Florida 7 |
BOTTOM OF THE 7TH |
Florida Gators batting - Pitching for Michigan Wolverines : RHP Tony Hernández
|
Batting: RHB Marshall Normore
|
0-0: Ball 1-0: SINGLE (Line Drive, 89S)
|
Batting: LHB Bob MacDonald
|
0-0: Ball 1-0: Bunted foul 1-1: Ball 2-1: Bunted foul 2-2: Ball 3-2: Foul Ball, location: 2F 3-2: Fly out, F9 (Flyball, 89M)
|
Batting: RHB Seth Burgess
|
0-0: Called Strike 0-1: Swinging Strike 0-2: Ball 1-2: Strikes out swinging
|
Batting: RHB Butch Richardson
|
0-0: SINGLE (Flyball, 8LM) Marshall Normore to second
|
Batting: RHB Luis Morales
|
0-0: Foul Ball, location: 2F 0-1: Swinging Strike 0-2: Fly out, F7 (Flyball, 7M)
|
Bottom of the 7th over - 0 run(s), 2 hit(s), 0 error(s), 2 left on base; Michigan 4 - Florida 7 |
TOP OF THE 8TH |
Michigan Wolverines batting - Pitching for Florida Gators : RHP John Baker
|
Pitching: LHP Curt Mitchell
|
|
Now at 2B: Artie Jackson
|
|
Batting: LHB Danny Taylor
|
0-0: Ball 1-0: Bunted foul 1-1: Called Strike 1-2: SINGLE (Groundball, 4MD)
|
Pitching: RHP Shaun Wortham
|
|
Batting: RHB Bryan Koonts
|
0-0: Ball 1-0: Ball 2-0: Ball 3-0: Base on Balls Danny Taylor to second
|
Batting: RHB Danny Chávez
|
0-0: Ball 1-0: Ball 2-0: Ball 3-0: Base on Balls Danny Taylor to third Bryan Koonts to second
|
Batting: RHB Bill Davis
|
0-0: Foul Ball, location: 2F 0-1: Swinging Strike 0-2: Strikes out swinging
|
Batting: RHB Jake Brown
|
0-0: Foul Ball, location: 2F 0-1: Ball 1-1: Called Strike 1-2: Foul Ball, location: 2F 1-2: Ball 2-2: Reached on error, E5 (Groundball, 5L) Danny Taylor scores Bryan Koonts to third Danny Chávez to second
|
Batting: RHB Larry Rice
|
0-0: Called Strike 0-1: Foul Ball, location: 2F 0-2: Ball 1-2: Ball 2-2: Foul Ball, location: 2F 2-2: SINGLE (Groundball, 5D) Bryan Koonts scores Danny Chávez to third Jake Brown to second
|
Pinch Hitting: RHB José Morán
|
0-0: Ball 1-0: Called Strike 1-1: Fly out, F3 (Popup, 3S)
|
Batting: SHB Dan Baldwin
|
0-0: Ball 1-0: Foul Ball, location: 2F 1-1: Swinging Strike 1-2: Strikes out looking
|
Top of the 8th over - 2 run(s), 2 hit(s), 1 error(s), 3 left on base; Michigan 6 - Florida 7 |
BOTTOM OF THE 8TH |
Florida Gators batting - Pitching for Michigan Wolverines : RHP Tony Hernández
|
Pitching: RHP Jack Hines
|
|
Now in LF: José Morán
|
|
Batting: LHB Xavier Rivera
|
0-0: Ground out 3-1 (Groundball, 34)
|
Batting: RHB Manny Gutiérrez
|
0-0: Foul Ball, location: 2F 0-1: Ball 1-1: Foul Ball, location: 2F 1-2: Strikes out swinging
|
Batting: RHB Shayne Garneau
|
0-0: Called Strike 0-1: Fly out, F8 (Flyball, 8LM)
|
Bottom of the 8th over - 0 run(s), 0 hit(s), 0 error(s), 0 left on base; Michigan 6 - Florida 7 |
TOP OF THE 9TH |
Michigan Wolverines batting - Pitching for Florida Gators : RHP Shaun Wortham
|
Pitching: LHP Ryan McKibbin
|
|
Batting: RHB Mel Wells
|
0-0: Foul Ball, location: 2F 0-1: Ball 1-1: Swinging Strike 1-2: Ball 2-2: Ball 3-2: Base on Balls
|
Batting: LHB Danny Taylor
|
0-0: Ball 1-0: Bunt missed! 1-1: Bunt missed! 1-2: Grounds into double play, U6-3 (Groundball, 6M)
|
Batting: RHB Bryan Koonts
|
0-0: Foul Ball, location: 2F 0-1: Ball 1-1: Ball 2-1: Swinging Strike 2-2: Strikes out swinging
|
Top of the 9th over - 0 run(s), 0 hit(s), 0 error(s), 0 left on base; Michigan 6 - Florida 7 |
|